 Dungeon Crawl Stone Soup version 0.28-a0-604-g249bb1af34 (webtiles) character file.

Game seed: 9274662806043780083

6629 CurlyBrace the Thaumaturge (level 10, 0/47 HPs)
             Began as a Felid Fire Elementalist on Oct 4, 2021.
             Was an Elder of Cheibriados.
             Slain by an orc warrior (17 damage)
             ... on level 2 of the Orcish Mines on Oct 5, 2021.
             The game lasted 01:36:54 (4770 turns).

CurlyBrace the Thaumaturge (FeFE)                   Turns: 4770, Time: 01:36:55

Health: 0/47       AC:  2    Str: 16    XL:     10   Next: 72%
Magic:  22/24      EV: 22    Int: 31    God:    Cheibriados [****..]
Gold:   73         SH:  0    Dex: 27    Spells: 0/28 levels left
                                        Lives:  0   Deaths: 3

rFire   + . .      SeeInvis +     - Unarmed
rCold   . . .      Faith    .   (shield unavailable)
rNeg    . . .      Spirit   .   (armour unavailable)
rPois   .          Reflect  .   (helmet unavailable)
rElec   .          Harm     .   (cloak unavailable)
rCorr   .          Rampage  .   (gloves unavailable)
Will    ++...                   (boots unavailable)
Stlth   ++++......              k - amulet of magic regeneration
HPRegen 0.15/turn               f - ring of protection from fire
MPRegen 0.44/turn               g - +6 ring of intelligence

@: very slow
A: very small, claws 1, fangs 3, see invisible, speed 1, shaggy fur 2, stealthy
paws, no weapons or thrown items, no armour, multi-lived, horns 1, strong-willed
1
a: Renounce Religion, Bend Time, Temporal Distortion, Slouch


You were on level 2 of the Orcish Mines.
You worshipped Cheibriados.
Cheibriados was greatly pleased with you.
You visited 3 branches of the dungeon, and saw 14 of its levels.
You also visited: Gauntlet and Volcano.

You collected 1160 gold pieces.
You spent 1087 gold pieces at shops.

Inventory:

Jewellery
 c - a ring of ice
   (You found it in a Gauntlet)
 f - a ring of protection from fire (left paw)
   (You bought it in a shop on level 6 of the Dungeon)
 g - a +6 ring of intelligence (right paw)
   (You found it on level 9 of the Dungeon)
 i - a +6 ring of dexterity
   (You found it on level 4 of the Dungeon)
 k - an amulet of magic regeneration (around neck)
   (You found it on level 10 of the Dungeon)
 m - the ring of Generosity {rN+ Will+ rCorr}
   (You found it in a Gauntlet)

   [ring of resist corrosion]

   rN:        It protects you from negative energy.
   rCorr:     It protects you from acid and corrosion.
   Will:      It increases your willpower.
Wands
 d - a wand of mindburst (11)
   (You found it on level 7 of the Dungeon)
 e - a wand of iceblast (10)
   (You found it on level 1 of the Lair of Beasts)
 j - a wand of acid (17)
   (You found it on level 8 of the Dungeon)
 n - a wand of flame (36)
   (You found it on level 9 of the Dungeon)
Scrolls
 a - 2 scrolls of silence
 b - a scroll of fog
 l - a scroll of noise
 p - a scroll of torment {unknown}
 q - 2 scrolls of vulnerability
 r - 2 scrolls of summoning
 t - 3 scrolls of teleportation
 u - 2 scrolls of amnesia
 x - a scroll of immolation
 z - a scroll of blinking
Potions
 h - a potion of haste
 o - a potion of attraction {unknown}
 s - a potion of flight
 v - a potion of brilliance
 w - 4 potions of heal wounds
 A - a potion of lignification


   Skills:
 - Level 7.0 Fighting
 - Level 5.0 Dodging
 - Level 6.0 Stealth
 - Level 5.0 Unarmed Combat
 + Level 9.8 Spellcasting
 - Level 2.0 Conjurations
 - Level 3.0 Hexes
 - Level 1.0 Transmutations
 - Level 4.0 Fire Magic
 + Level 9.0 Ice Magic
 - Level 1.0 Invocations
 - Level 3.0 Evocations


You couldn't memorise any spells.
You knew the following spells:

 Your Spells              Type           Power      Damage    Failure   Level
a - Foxfire               Conj/Fire      100%       2x1d9     1%          1
b - Scorch                Fire           80%        2d9       1%          2
c - Ensorcelled Hibernat  Hex/Ice        100%       N/A       1%          2
d - Inner Flame           Hex/Fire       36%        N/A       2%          3
e - Conjure Flame         Conj/Fire      33%        6-21      3%          3
f - Frozen Ramparts       Ice            100%       1d12      1%          3
g - Ozocubu's Armour      Ice            63%        N/A       1%          3
h - Ice Form              Ice/Tmut       46%        N/A       4%          4
i - Ozocubu's Refrigerat  Ice            31%        4d11      56%         7

Your spell library contained the following spells:

 Spells                   Type           Power      Damage    Failure   Level
 Static Discharge         Conj/Air       21%        N/A       3%          2
 Ignite Poison            Fire/Tmut/Pois 25%        N/A       4%          3
 Summon Guardian Golem    Hex/Summ       24%        N/A       5%          3
 Gell's Gravitas          Tloc           7%         N/A       10%         3
 Teleport Other           Tloc           15%        N/A       10%         3
 Flame Wave               Conj/Fire      33%        3d7       10%         4
 Sticky Flame             Conj/Fire      33%        2d5       10%         4
 Summon Lightning Spire   Summ/Air       15%        N/A       32%         4
 Lightning Bolt           Conj/Air       10%        1d23      52%         5
 Dispersal                Tloc           7%         N/A       99%         6
 Haunt                    Necr/Summ      7%         N/A       100%        7
 Orb of Destruction       Conj           13%        9d6       100%        7
 Spellforged Servitor     Conj/Summ      10%        N/A       100%        7
 Maxwell's Capacitive Co  Air            7%         ∞         100%        8


Dungeon Overview and Level Annotations

Branches:
Dungeon (11/15)            Temple (0/1) D:7            Lair (1/6) D:8
    Orc (2/2) D:10            Elf (0/3) Orc:2       Volcano (visited)
Gauntlet (visited)

Altars:
Cheibriados
Kikubaaqudgha
Nemelex Xobeh
Zin
The Shining One
Beogh

Shops:
D:6 =   Orc:1 ?   Orc:2 **

Annotations:
D:2 exclusion: adder
D:3 3 runed translucent doors, dricus's ghost, amateur DgAE; edj's ghost, amateur SpEn; paps's ghost, amateur OpGl
D:10 1 transporter, exclusions: centaur and vampire, Heedrag's ghost, novice DsCj


Innate Abilities, Weirdness & Mutations

You have sharp claws.
You have razor-sharp teeth.
You have supernaturally acute eyesight. (SInv)
You cover ground quickly. (Speed+)
You are covered in thick fur. (AC +2)
Your paws help you pounce on unaware monsters.
You are incapable of wielding weapons or throwing items.
You cannot wear armour.
You gain extra lives every three experience levels.
You have a pair of small horns on your head.
You are strong-willed. (Will+)


Message History

The orc priest explodes!
Unknown command.
You see here 19 gold pieces.
You now have 73 gold pieces (gained 19).
The orc shouts!
You scratch the orc. You headbutt the orc.
The orc is severely wounded.
The orc completely misses you.
The orc wizard shouts!
You scratch the orc.
You kill the orc!
Cheibriados thoroughly appreciates the change of pace.
The orc wizard points at you and mumbles some strange words.
The magic dart hits you.
You hear a shout!
Things that are here:
a +0 club; an orc corpse The orc wizard casts a spell.
The orc wizard flickers and vanishes for a moment.
Casting: Foxfire (safe; 1% risk of failure)
Confirm with . or Enter, or press ? or * to list all spells.
Casting: Frozen Ramparts (safe; 1% risk of failure)
Press: ? - help, Dir - look around, f - activate The walls around you are covered in ice.
The wall freezes the orc wizard!
Unknown command.
You closely miss the orc wizard. You bite the orc wizard.
You kill the orc wizard!
Cheibriados appreciates the change of pace.
The wall freezes the orc!
You kill the orc!
Cheibriados thoroughly appreciates the change of pace.
The frozen ramparts melt away as you move.
Things that are here:
a +0 dagger; a +0 robe; an orc corpse
Found a roughly hewn altar of Beogh.
Unknown command.
The orc warrior hits you with a +0 glaive!!
The orc warrior hits you with a +0 glaive!
You die...

### ##.### ##....##
####......##
#......)...###*#
#.##@##...#..#.## *
**,#..o#)........# **
**,,#.8.#........#* **,
*,,,#._.#.)..#...#***,,
**,.#####.....#.#**,,,,
*****.......#...###*,,>,,
**,**####.....#...#*#,,.,,
**,,.##.###.......##.##..,,
**,,,,....*###.#..........,,


You could see an orc warrior.

Vanquished Creatures
  Erolcha (Orc:2)
  A hydra (Lair:1)
  An orc high priest (Orc:2)
  Urug (D:10)
  A cyclops (Orc:1)
  A komodo dragon (Lair:1)
  A troll (Orc:2)
  2 shadows (Gauntlet)
  Sigmund (D:3)
  3 fire bats (Lair:1)
  Eustachio (D:4)
  8 yaks
  A steam dragon (Volcano)
  3 wargs
  4 water moccasins
  A hell hound (Volcano)
  19 orc warriors
  A swamp drake (D:4)
  3 ice beasts
  5 black bears
  2 necrophages (D:6)
  6 ogres
  A phantom (D:5)
  5 bullfrogs
  A water moccasin skeleton (D:5)
  2 wights (D:4)
  3 howler monkeys
  A bullfrog zombie (D:6)
  14 orc priests
  A hound (D:4)
  A centaur zombie (D:8)
  A centaur skeleton (D:5)
  A gnoll shaman (Orc:1)
  Terence (D:3)
  10 orc wizards
  A killer bee zombie (D:8)
  2 howler monkey zombies
  Robin (D:2)
  A howler monkey skeleton (D:4)
  3 gnolls (Orc:1)
  8 adders
  A shadow imp (D:5)
  An adder skeleton (D:4)
  A worm (D:7)
  2 dart slugs
  38 orcs
  3 ball pythons
  2 endoplasms
  6 hobgoblins
  7 jackals
  4 quokkas
  A bat (D:2)
  2 frilled lizards (D:2)
  12 goblins
  6 kobolds
  6 rats
217 creatures vanquished.

Vanquished Creatures (others)
  4 demonic plants (Gauntlet)
  146 foxfires
  24 fungi
  36 plants
210 creatures vanquished.

Grand Total: 427 creatures vanquished

Notes
Turn   | Place    | Note
-------+----------+-------------------------------------------
     0 | D:1      | CurlyBrace the Felid Fire Elementalist began the quest for
                  | the Orb.
     0 | D:1      | Reached XP level 1. HP: 7/7 MP: 4/4
    67 | D:2      | Reached skill level 1 in Conjurations
   112 | D:2      | Identified a scroll of acquirement
   112 | D:2      | Acquired Sif Muna's Guide on the Icy Escort
   263 | D:1      | Reached XP level 2. HP: 10/11 MP: 1/6
   266 | D:1      | Learned a level 2 spell: Scorch
   507 | D:3      | Noticed Ijyb
   622 | D:3      | Found a runed translucent gate.
   622 | D:3      | Found a runed translucent gate.
   622 | D:3      | Found a runed translucent gate.
   623 | D:3      | Noticed paps's ghost (amateur OpGl)
   624 | D:3      | Noticed dricus's ghost (amateur DgAE)
   624 | D:3      | Noticed edj's ghost (amateur SpEn)
   679 | D:3      | Noticed Ijyb
   679 | D:3      | Ijyb changed into Ijyb the hobgoblin
   686 | D:3      | Killed Ijyb the hobgoblin
   706 | D:3      | Noticed Terence
   723 | D:3      | Killed Terence
   724 | D:3      | Reached XP level 3. HP: 14/14 MP: 4/8
   734 | D:2      | Found a faded altar of an unknown god.
   751 | D:3      | Noticed Sigmund
   769 | D:3      | Killed Sigmund
   770 | D:3      | Reached skill level 1 in Fighting
   770 | D:3      | Reached skill level 1 in Unarmed Combat
   770 | D:3      | Reached skill level 1 in Ice Magic
   770 | D:3      | Reached XP level 4. HP: 19/19 MP: 8/10
   770 | D:3      | Reached XP level 5. HP: 22/22 MP: 8/11
   776 | D:3      | Learned a level 3 spell: Inner Flame
   780 | D:3      | Learned a level 3 spell: Frozen Ramparts
   783 | D:3      | Learned a level 2 spell: Ensorcelled Hibernation
   961 | D:4      | Noticed a black bear
   967 | D:4      | Killed a black bear
   968 | D:4      | Gained mutation: You are covered in thick fur. (AC +2)
                  | [Felid growth]
   968 | D:4      | Reached XP level 6. HP: 26/26 MP: 2/12
  1039 | D:4      | Reached skill level 1 in Hexes
  1141 | D:4      | Reached skill level 1 in Transmutations
  1152 | D:4      | Noticed a swamp drake
  1152 | D:4      | a scorpion changed into a swamp drake
  1160 | D:4      | Killed a swamp drake
  1203 | D:5      | Entered Level 5 of the Dungeon
  1296 | D:6      | Reached XP level 7. HP: 24/30 MP: 1/14
  1300 | D:6      | Found an ancient bone altar of Kikubaaqudgha.
  1300 | D:6      | Found a sparkling altar of Nemelex Xobeh.
  1301 | D:6      | Found a glowing golden altar of the Shining One.
  1307 | D:7      | Found a snail-covered altar of Cheibriados.
  1376 | D:5      | Learned a level 3 spell: Conjure Flame
  1463 | D:6      | Found Poptemynt's Jewellery Shop.
  1475 | D:6      | Reached skill level 5 in Spellcasting
  1526 | D:6      | You fall into a shaft and drop 3 floors!
  1565 | D:9      | Found a glowing silver altar of Zin.
  1589 | D:9      | You fall into a shaft and drop 2 floors!
  1621 | D:10     | Entered Level 10 of the Dungeon
  1623 | D:10     | Noticed Urug
  1623 | D:10     | Hit by a javelin thrown by Urug
  1624 | D:10     | Reached XP level 6. HP: -1/26 MP: 15/15
  1635 | D:10     | Killed Urug
  1636 | D:10     | Reached XP level 7. HP: 30/30 MP: 16/19
  1636 | D:10     | Reached XP level 8. HP: 33/33 MP: 16/20
  1658 | D:10     | Learned a level 3 spell: Ozocubu's Armour
  1668 | D:10     | Found a transporter.
  1718 | D:10     | Found a staircase to the Orcish Mines.
  1735 | Orc:1    | Entered Level 1 of the Orcish Mines
  1771 | Orc:1    | Noticed a cyclops
  1784 | Orc:1    | Killed a cyclops
  1808 | Orc:2    | Entered Level 2 of the Orcish Mines
  1897 | D:9      | Learned a level 4 spell: Ice Form
  1951 | D:8      | Found a staircase to the Lair.
  2008 | D:8      | Reached XP level 9. HP: 35/39 MP: 17/22
  2068 | D:8      | Reached skill level 5 in Dodging
  2068 | D:8      | Reached skill level 5 in Stealth
  2118 | Lair:1   | Entered Level 1 of the Lair of Beasts
  2156 | Lair:1   | Reached skill level 5 in Ice Magic
  2230 | Lair:1   | Reached XP level 10. HP: 42/42 MP: 17/23
  2236 | Lair:1   | Found a dark tunnel.
  2245 | Volcano  | Entered a volcano
  2281 | Volcano  | Noticed a sun demon
  2381 | Lair:1   | Noticed a six-headed hydra
  2413 | Lair:1   | Killed a six-headed hydra
  2437 | Lair:1   | Reached skill level 5 in Fighting
  2437 | Lair:1   | Reached skill level 5 in Unarmed Combat
  2480 | Lair:1   | Found a gate leading to a gauntlet.
  2489 | Gauntlet | Entered a Gauntlet
  2489 | Gauntlet | Found a transporter.
  2490 | Gauntlet | Noticed a large abomination
  2492 | Gauntlet | Found a transporter.
  2492 | Gauntlet | Noticed a hell hog
  2493 | Gauntlet | Found a transporter.
  2494 | Gauntlet | Noticed a large abomination
  2495 | Gauntlet | Found a transporter.
  2497 | Gauntlet | Found a transporter.
  2498 | Gauntlet | Found a transporter.
  2499 | Gauntlet | Noticed a death scarab
  2502 | Gauntlet | Noticed a death scarab
  2502 | Gauntlet | Noticed a green ugly thing
  2505 | Gauntlet | Noticed a great orb of eyes
  2505 | Gauntlet | Noticed a cyan ugly thing
  2509 | Gauntlet | Found a transporter.
  2509 | Gauntlet | Found a transporter.
  2525 | Gauntlet | Found a large runed translucent door.
  2525 | Gauntlet | Found a large runed translucent door.
  2525 | Gauntlet | Noticed a death yak
  2525 | Gauntlet | Noticed a death yak
  2526 | Gauntlet | Found a large runed translucent door.
  2526 | Gauntlet | Found a large runed translucent door.
  2526 | Gauntlet | Noticed a death yak
  2527 | Gauntlet | Found a large runed translucent door.
  2527 | Gauntlet | Found a large runed translucent door.
  2527 | Gauntlet | Noticed a torpor snail
  2527 | Gauntlet | Noticed a death yak
  2528 | Gauntlet | Found a runed translucent gate.
  2528 | Gauntlet | Found a runed translucent door.
  2528 | Gauntlet | Found a large runed translucent door.
  2528 | Gauntlet | Noticed a death yak
  2529 | Gauntlet | Found a transporter.
  2529 | Gauntlet | Found a runed translucent gate.
  2530 | Gauntlet | Found a runed translucent gate.
  2530 | Gauntlet | Found a runed translucent door.
  2531 | Gauntlet | Found a large runed translucent door.
  2531 | Gauntlet | Found a large runed translucent door.
  2532 | Gauntlet | Found a large runed translucent door.
  2533 | Gauntlet | Found a large runed translucent door.
  2542 | Gauntlet | Found a large runed translucent door.
  2542 | Gauntlet | Found a large runed translucent door.
  2543 | Gauntlet | Found a large runed translucent door.
  2544 | Gauntlet | Found a large runed translucent door.
  2546 | Gauntlet | Found a transporter.
  2550 | Gauntlet | Found a transporter.
  2553 | Gauntlet | Found a large runed translucent door.
  2562 | Gauntlet | Found a transporter.
  2610 | Gauntlet | Identified the ring of Generosity {rN+ Will+ rCorr}
  2644 | Gauntlet | Noticed an elephant
  2644 | Gauntlet | a torpor snail changed into an elephant
  2684 | Gauntlet | Mangled by a death yak
  2685 | Gauntlet | Reached XP level 9. HP: -6/40 MP: 22/22
  2714 | Gauntlet | Noticed a minotaur
  2726 | Gauntlet | Hit by a javelin thrown by a minotaur
  2727 | Gauntlet | Reached XP level 8. HP: -10/37 MP: 20/21
  2753 | Gauntlet | Noticed an emperor scorpion
  2753 | Gauntlet | a minotaur changed into an emperor scorpion
  2859 | Lair:1   | Noticed a cane toad
  3066 | D:7      | Gained mutation: You have a pair of small horns on your
                  | head. [potion of mutation]
  3066 | D:7      | Gained mutation: You are strong-willed. (Will+) [potion of
                  | mutation]
  3174 | D:7      | Became a worshipper of Cheibriados the Contemplative
  3220 | D:6      | Bought a ring of protection from fire for 250 gold pieces
  3272 | D:4      | Reached XP level 9. HP: 30/38 MP: 14/22
  3485 | D:2      | Found a glowing silver altar of Zin.
  3486 | D:2      | Noticed Robin
  3487 | D:2      | Reached * piety under Cheibriados
  3495 | D:2      | Killed Robin
  3580 | D:4      | Identified the +5 chain mail of Lust {-Tele +Inv rF- Int+8}
  3582 | D:4      | Noticed Eustachio
  3595 | D:4      | Killed Eustachio
  3732 | D:7      | Found a staircase to the Ecumenical Temple.
  3804 | D:10     | Noticed Heedrag's ghost (novice DsCj)
  3805 | D:10     | Noticed a fire dragon
  3807 | D:10     | Noticed a moth of wrath
  3808 | D:10     | Noticed a komodo dragon
  4076 | Orc:2    | Reached ** piety under Cheibriados
  4219 | Orc:2    | Noticed Erolcha
  4230 | Orc:2    | Killed Erolcha
  4231 | Orc:2    | Reached XP level 10. HP: 44/45 MP: 9/24
  4331 | Orc:2    | Reached skill level 1 in Invocations
  4367 | Orc:2    | Reached *** piety under Cheibriados
  4402 | Orc:2    | Noticed an orc high priest
  4414 | Orc:2    | Killed an orc high priest
  4442 | Orc:2    | Found Sofuras's Assorted Antiques.
  4450 | Orc:2    | Bought a wand of acid (9) for 192 gold pieces
  4450 | Orc:2    | Bought a sapphire potion for 21 gold pieces
  4450 | Orc:2    | Bought a scroll labelled LAENEFU TIRCH for 24 gold pieces
  4450 | Orc:2    | Bought a scroll labelled SOANON WYMORER for 24 gold pieces
  4450 | Orc:2    | Bought a potion of brilliance for 96 gold pieces
  4504 | Orc:1    | Found Vadol's Magic Scroll Shoppe.
  4535 | Orc:1    | Bought a scroll of blinking for 90 gold pieces
  4535 | Orc:1    | Bought a scroll of amnesia for 42 gold pieces
  4535 | Orc:1    | Bought a scroll of immolation for 42 gold pieces
  4543 | Orc:1    | Learned a level 7 spell: Ozocubu's Refrigeration
  4672 | Orc:2    | Reached **** piety under Cheibriados
  4699 | Orc:2    | Found Jailote's General Store.
  4708 | Orc:2    | Bought a scroll of teleportation for 36 gold pieces
  4708 | Orc:2    | Bought a potion of heal wounds for 60 gold pieces
  4708 | Orc:2    | Bought a potion of lignification for 36 gold pieces
  4708 | Orc:2    | Bought a scroll of summoning for 114 gold pieces
  4708 | Orc:2    | Bought a potion of heal wounds for 60 gold pieces
  4770 | Orc:2    | Slain by an orc warrior

Illustrated notes

Levels and vault maps discovered:
D:1:      dpeg_arrival_windows_large_door, layout_basic
D:2:      minmay_recursive_quarters, layout_loops_ring, basic_altar,
          ebering_ecumenical_altar_webs, uniq_robin
D:3:      gammafunk_ghost_cemetery, layout_basic, general_overflow_altar,
          uniq_ijyb, uniq_terence, uniq_natasha, uniq_sigmund
D:4:      layout_loops_ring, uniq_menkaure, uniq_eustachio, uniq_grinder
D:5:      layout_basic, chequers_mini_garden
D:6:      layout_basic, mainiacjoe_overflow_paths, old_standard_altar,
          chequers_temple_overflow_statue_of_worship, serial_shops, shop,
          abandoned_shop, nicolae_underground_beach
D:7:      layout_layer_cave, slow_altar_1, nicolae_sif_muna_little_library,
          temple_fountains, uniq_pikel
D:8:      layout_loops_ring, due_lair_maze_entry_diamond
D:9:      layout_roguey, nicolae_overflow_crystal_walls,
          kennysheep_generic_room_6
D:10:     layout_cave_pools, riverfiend_overflow_shadow_ancestor, orc_0_dummy,
          gammafunk_ghost_berserking_beasts, uniq_urug
D:11:     layout_basic, uniq_fannar
Lair:1:   layout_roguey, gauntlet_entry_generic, nicolae_volcano_entry_batcave,
          minmay_shattered_shrine, infiniplex_staircase_pool, grunt_megastairs_4
Orc:1:    layout_caves, serial_shops, nicolae_shop_waterfront, basic_altar
Orc:2:    grunt_orc_community_town_hall, layout_caves,
          grunt_orc_community_big_house_1, grunt_orc_community_big_house_1,
          grunt_orc_community_house_1, grunt_orc_community_house_3,
          grunt_orc_community_house_1, grunt_orc_community_house_1,
          grunt_orc_community_house_1, grunt_orc_community_house_2, uniq_erolcha

Skill      XL: |  1  2  3  4  5  6  7  8  9 10 |
---------------+-------------------------------+-----
Conjurations   | 1 2 |  2.0
Stealth        | 3 4 6 |  6.0
Fire Magic     | 3 4 |  4.0
Fighting       | 1 2 3 6 7 |  7.0
Dodging        | 3 4 5 |  5.0
Unarmed Combat | 1 2 3 4 5 |  5.0
Spellcasting   | 3 7 5 8 9 |  9.8
Ice Magic      | 1 2 3 8 9 |  9.0
Evocations     | 2 3 |  3.0
Hexes          | 2 3 |  3.0
Transmutations | 1 |  1.0
Invocations    | 1 |  1.0

Action                   |  1- 3 |  4- 6 |  7- 9 | 10-12 || total
-------------------------+-------+-------+-------+-------++-------
Melee: Unarmed           |    18 |    25 |   113 |    58 ||   214
       Bite              |     3 |     2 |    12 |     5 ||    22
       Headbutt          |       |       |     7 |     4 ||    11
       Punch             |       |       |     2 |       ||     2
 Cast: Foxfire           |    33 |    20 |    22 |    16 ||    91
       Scorch            |     1 |     3 |    62 |    22 ||    88
       Inner Flame       |       |     7 |    26 |    23 ||    56
       Conjure Flame     |       |       |    12 |     3 ||    15
       Ensorcelled Hiber |       |       |     8 |    20 ||    28
       Frozen Ramparts   |       |       |    14 |     5 ||    19
       Ozocubu's Armour  |       |       |     8 |    11 ||    19
       Ice Form          |       |       |     5 |     6 ||    11
 Abil: End Transformatio |       |       |     5 |     5 ||    10
Evoke: Wand              |     5 |     8 |     8 |     7 ||    28
  Use: Scroll            |     3 |     2 |    12 |       ||    17
       Potion            |       |     1 |     7 |     3 ||    11
 Stab: Paralysed         |     8 |     8 |       |       ||    16
       Sleeping          |     2 |     2 |    10 |     8 ||    22
       Distracted        |       |       |     1 |       ||     1
Armor: Skin              |     5 |     1 |    18 |    12 ||    36
Dodge: Dodged            |    33 |    19 |    92 |    39 ||   183

Table legend: (Time is in decaauts)
 A = Elapsed time spent in this place.
 B = Non-inter-level travel time spent in this place.
 C = Inter-level travel time spent in this place.
 D = Time resting spent in this place.
 E = Time spent auto-exploring this place.
 F = Levels seen in this place.
 G = Mean time per level.
                   A        B        C        D        E       F      G
               +--------+--------+--------+--------+--------+-----+--------+
         Total |   4590 |   4299 |    291 |      0 |      0 |  16 |  286.9 |
       Dungeon |   2714 |   2479 |    235 |      0 |      0 |  11 |  246.7 |
          Lair |    306 |    286 |     20 |      0 |      0 |   1 |  306.0 |
  Orcish Mines |   1210 |   1175 |     35 |      0 |      0 |   2 |  605.0 |
       Volcano |     51 |     51 |      0 |      0 |      0 |   1 |   51.0 |
      Gauntlet |    308 |    308 |      0 |      0 |      0 |   1 |  308.0 |
               +--------+--------+--------+--------+--------+-----+--------+

Top non-repeatable levels by time:
   Orc:2: 764 daAuts
   Orc:1: 446 daAuts
     D:2: 428 daAuts
     D:3: 422 daAuts
     D:4: 321 daAuts
Gauntlet: 308 daAuts
  Lair:1: 306 daAuts
     D:8: 289 daAuts
     D:1: 255 daAuts
     D:5: 234 daAuts
     D:6: 218 daAuts
     D:7: 200 daAuts
     D:9: 164 daAuts
    D:10: 152 daAuts
 Volcano: 51 daAuts
